 Dungeon Crawl Stone Soup version 0.21.1-1-g345015f (webtiles) character file.

590558 wojtek the Executioner (level 26, -4/251 HPs)
             Began as a Minotaur Fighter on July 26, 2018.
             Was the Champion of Makhleb.
             Killed from afar by a purple draconian (39 damage)
             ... with a bolt of dispelling energy
             ... on level 5 of the Depths.
             The game lasted 03:05:24 (63686 turns).

wojtek the Executioner (Minotaur Fighter)          Turns: 63686, Time: 03:05:25

Health: -4/251     AC: 49    Str: 30    XL:     26   Next: 20%
Magic:  31/31      EV: 17    Int:  8    God:    Makhleb [******]
Gold:   2692       SH:  0    Dex: 13    Spells: 25/25 levels left

rFire    + + +     SeeInvis +   a - +8 frozen axe "Frostbite" {freezing cloud, *Noise +Fly rC+}
rCold    + + .     Gourm    .   (shield currently unavailable)
rNeg     . . .     Faith    .   A - +8 orange crystal plate armour {Archmagi, Int+3 Clar}
rPois    .         Spirit   .   e - +0 mask of the Dragon {MR+ Slay+3 SInv}
rElec    .         Reflect  .   s - +2 cloak {MR+}
rCorr    .         Harm     .   G - +2 pair of gloves
MR       +++..     Clarity  +   H - +1 pair of boots {Stlth+}
Stlth    ..........             J - amulet of regeneration
HPRegen  0.91/turn              N - ring "Evuonosu" {rF+++ Stlth-}
MPRegen  0.22/turn              Q - ring of protection from cold

@: lethally poisoned (-4 -> -53)
A: retaliatory headbutt, horns 2
}: 3/15 runes: barnacled, silver, gossamer
a: Minor Destruction, Lesser Servant of Makhleb, Major Destruction, Greater
Servant of Makhleb, Renounce Religion, Evoke Flight


You were on level 5 of the Depths.
You worshipped Makhleb.
Makhleb was exalted by your worship.
You were not hungry.

You visited 10 branches of the dungeon, and saw 46 of its levels.
You visited the Abyss 1 time.
You visited 3 bazaars.
You also visited: Labyrinth, Ossuary, Ice Cave and Wizlab.

You collected 8524 gold pieces.
You spent 5832 gold pieces at shops.

Inventory:

Hand Weapons
 a - the +8 frozen axe "Frostbite" (weapon) {freezing cloud, *Noise +Fly rC+}
   (You acquired it on level 1 of the Lair of Beasts)

   It has been specially enchanted to freeze those struck by it, causing extra
   injury to most foes and up to half again as much damage against particularly
   susceptible opponents.
   It can also slow down cold-blooded creatures.
   It protects you from cold.
   It lets you fly.
   It may make noises in combat.
Missiles
 n - 8 throwing nets (quivered)
Armour
 e - the +0 mask of the Dragon (worn) {MR+ Slay+3 SInv}
   (You bought it in a shop on level 5 of the Vaults)

   It affects your accuracy and damage with ranged weapons and melee attacks
   (+3).
   It affects your resistance to hostile enchantments.
   It lets you see invisible.
 s - a +2 cloak of magic resistance (worn)
 w - a +2 cloak of poison resistance
 A - the +8 orange crystal plate armour (worn) {Archmagi, Int+3 Clar}
   (You found it on level 5 of the Vaults)

   It affects your intelligence (+3).
   It protects you against confusion.
 G - a +2 pair of gloves (worn)
 H - a +1 pair of boots of stealth (worn)
 S - a +1 cloak of cold resistance
Jewellery
 o - a +5 amulet of reflection
 J - an amulet of regeneration (around neck)
 N - the ring "Evuonosu" (left hand) {rF+++ Stlth-}
   (You found it on level 5 of the Vaults)

   [ring of loudness]

   It renders you almost immune to fire.
   It makes you less stealthy.
 Q - a ring of protection from cold (right hand)
 R - the ring of the Monkey's Uncle {Wiz +Fly Str+2 Dex+2}
   (You took it off a deep elf death mage on level 3 of the Elven Halls)

   [ring of wizardry]

   It improves your spell success rate.
   It affects your strength (+2).
   It affects your dexterity (+2).
   It lets you fly.
Wands
 k - a wand of disintegration (22)
 u - a wand of digging (88)
 y - a wand of iceblast (61)
 F - a wand of acid (31)
 L - a wand of clouds (9)
 W - a wand of paralysis (50)
Scrolls
 b - 2 scrolls of summoning
 i - 8 scrolls of identify
 j - 24 scrolls of teleportation
 l - 2 scrolls of silence
 m - 13 scrolls of immolation
 r - 12 scrolls of fear
 x - 2 scrolls of holy word
 D - 8 scrolls of fog
 E - 8 scrolls of magic mapping
 I - 9 scrolls of blinking
 K - 26 scrolls of remove curse
 V - a scroll of enchant armour
Potions
 d - 10 potions of might
 g - 29 potions of curing
 h - 7 potions of resistance
 p - 7 potions of berserk rage
 q - 7 potions of mutation
 t - 4 potions of invisibility
 z - 10 potions of lignification
 B - 9 potions of agility
 C - 6 potions of haste
 T - 5 potions of cancellation
 U - 13 potions of heal wounds
 Z - a potion of ambrosia
Miscellaneous
 c - a fan of gales
 v - a phial of floods
 M - 3 phantom mirrors
 O - a lamp of fire
 P - 3 boxes of beasts
Comestibles
 f - 61 rations
 X - 3 chunks of flesh


   Skills:
 + Level 23.3 Fighting
 * Level 26.7 Axes
 * Level 24.8 Armour
 + Level 19.7 Dodging
   Level 15.0 Shields
 - Level 8.6 Invocations
 + Level 12.2 Evocations


You had 25 spell levels left.
You didn't know any spells.

Dungeon Overview and Level Annotations

Branches:
Dungeon (15/15)            Temple (1/1) D:5            Lair (6/6) D:9
 Shoals (4/4) Lair:2       Spider (4/4) Lair:2        Slime (0/5) Lair:6
    Orc (2/2) D:12            Elf (3/3) Orc:2        Vaults (5/5) D:13
  Crypt (0/3) Vaults:3     Depths (5/5) D:15            Zot (1/5) Depths:5

Altars:
Ashenzari
Cheibriados
Dithmenos
Elyvilon
Fedhas
Gozag
Hepliaklqana
Kikubaaqudgha
Makhleb
Nemelex Xobeh
Okawaru
Qazlal
Ru
Sif Muna
Trog
Uskayaw
Vehumet
Wu Jian
Xom
Yredelemnul
Zin
The Shining One
Beogh

Shops:
D:4 *   D:6 !   D:9 *   D:10 %   D:13 !   Orc:2 *([:   Elf:2 [   Shoals:2 (
Vaults:5 [

Portals:
Hell: Depths:1 Depths:2 Depths:3 Depths:4 Depths:5
Abyss: Depths:4
Pandemonium: Depths:3
Ziggurat: Depths:5

Annotations:
Vaults:2 Mennas


Innate Abilities, Weirdness & Mutations

You reflexively headbutt those who attack you in melee.
You have a pair of horns on your head.


Message History

You feel extremely sick.
The electric golem blinks!
The purple draconian breathes dispelling energy at you.
The bolt of dispelling energy hits you!
* * * LOW HITPOINT WARNING * * *
You go up through the gate.
Welcome back to the Depths!
* * * LOW HITPOINT WARNING * * *
You feel extremely sick.
There is a gate to the Realm of Zot here.
You feel much better.
* * * LOW HITPOINT WARNING * * *
You feel extremely sick.
The purple draconian hits you but does no damage.
You feel much better.
* * * LOW HITPOINT WARNING * * *
You feel very sick.
The black draconian is no longer moving slowly.
The purple draconian breathes dispelling energy at you.
The bolt of dispelling energy hits you!
You die...

#.......# #..
#.......# #..
#)......# #..
###..#### ##.. ##.##
###... #..# ####.....
##.###########........
#.#d....'............
#^#d@...'..(.........
#.###########........
#....).....#####.....
##########.....###...
#####........##..
#.......(..#..#..
#.###......##.#..
#..........##.#..
#..###.....##÷#..


You could see a black draconian and a purple draconian.

Vanquished Creatures
  2 juggernauts
  Boris (Depths:5)
  Bai Suzhen (Elf:3)
  Margery (Depths:4)
  8 caustic shrikes
  Jory (Vaults:5)
  5 golden dragons
  the Enchantress (Depths:5)
  2 bone dragons (Depths:2)
  2 liches
  Jorgrun (Depths:1)
  5 tentacled monstrosities
  Asterion (Elf:1)
  6 titans
  2 deep elf master archers (Elf:3)
  3 quicksilver dragons
  2 deep elf blademasters (Elf:3)
  A death cob (Zot:1)
  4 sphinxes
  4 storm dragons
  8 shadow dragons
  9 tengu reavers
  11 fire giants
  A ghost moth (Spider:4)
  Ilsuiw (Shoals:4)
  10 frost giants
  4 iron dragons
  8 deep elf sorcerers
  A draconian monk (Zot:1)
  11 vault wardens
  A draconian stormcaller (Depths:5)
  2 balrugs
  An orc warlord (Orc:1)
  Aizul (Spider:2)
  A draconian scorcher (Depths:5)
  A draconian annihilator (Zot:1)
  4 spriggan defenders (Depths:5)
  6 emperor scorpions
  A deep elf elementalist (Elf:1)
  28 very ugly things
  The ghost of smcx the Severer, a journeyman MiBe of Trog (Shoals:1)
  A reaper (Depths:4)
  4 green draconians (Zot:1)
  5 war gargoyles
  17 stone giants
  4 entropy weavers
  15 ironheart preservers
  3 black draconians
  5 deep elf demonologists
  7 deep elf annihilators
  5 yellow draconians
  Azrael (Spider:2)
  5 spark wasps
  A purple draconian (Zot:1)
  5 merfolk javelineers
  A blizzard demon (Depths:4)
  3 red draconians (Zot:1)
  12 ettins
  An orange crystal statue (WizLab)
  4 deep elf death magi
  9 deep elf high priests
  9 fire dragons
  4 merfolk impalers
  A crystal guardian (Vaults:3)
  16 yaktaur captains
  5 great orbs of eyes
  13 ice dragons
  27 vault guards
  3 rakshasas
  4 spriggan air magi
  8 centaur warriors
  A juggernaut simulacrum (Depths:3)
  3 hydras
  A hydra (shapeshifter) (Vaults:5)
  2 merfolk avatars (Shoals:3)
  4 catoblepae
  A death knight (Vaults:1)
  7 merfolk aquamancers
  2 alligator snapping turtles
  A two-headed ogre (shapeshifter) (Vaults:5)
  25 dancing weapons
  36 two-headed ogres
  2 satyrs
  16 tengu warriors
  7 deep troll shamans
  10 spriggan berserkers
  10 ogre magi
  An orc high priest (Orc:2)
  8 death scarabs (Spider:4)
  6 deep troll earth magi
  A titan zombie (Depths:2)
  A storm dragon zombie (Depths:2)
  3 sun demons (Depths:4)
  3 death yaks
  Urug (D:13)
  4 soul eaters
  21 deep elf knights
  12 skeletal warriors
  3 shadow wraiths
  2 spark wasp zombies (Depths:4)
  2 iron trolls (Depths:4)
  The ghost of lysyklops the Arsonist, a novice DrFE of Vehumet (D:7)
  32 hell knights
  A storm dragon skeleton (Depths:4)
  24 deep trolls
  2 small abominations (Elf:3)
  A large abomination (Abyss:3)
  16 sea snakes
  6 wizards
  3 starcursed masses (Abyss:3)
  3 unseen horrors
  4 glowing orange brains
  2 flayed ghosts
  10 deep elf archers
  A spectral wolf spider (Spider:4)
  3 phantasmal warriors
  2 quicksilver dragon simulacra (Depths:4)
  17 harpies
  Pikel (D:6)
  18 ironbrand convokers
  19 orc knights
  3 wolf spider zombies (Spider:4)
  58 deep elf magi
  36 wolf spiders
  9 fauns
  6 cyclopes
  18 orb spiders
  12 necromancers
  7 moths of wrath
  8 manticores
  3 orc sorcerers
  7 elephants
  A tengu skeleton (Vaults:2)
  Joseph (D:8)
  39 ugly things
  A stone giant skeleton (Depths:2)
  A centaur zombie (D:15)
  10 rust devils
  Maurice (D:13)
  12 vault sentinels
  10 water nymphs
  2 black mambas
  11 merfolk sirens
  A torpor snail (shapeshifter) (Vaults:2)
  3 ice statues
  12 spiny frogs
  A spriggan skeleton (Depths:3)
  4 centaur skeletons
  An orange demon (Depths:3)
  5 spectral swamp worms (Depths:1)
  3 spectral redbacks (Spider:4)
  2 rime drakes
  41 yaktaurs
  A rime drake (shapeshifter) (Depths:5)
  6 efreet
  An elf zombie (Depths:4)
  6 komodo dragons
  A komodo dragon (shapeshifter) (Depths:1)
  16 freezing wraiths
  3 ice devils (Depths:4)
  4 tengu conjurers
  2 yaktaurs (shapeshifter)
  A kobold demonologist (D:11)
  11 demonic crawlers
  39 jumping spiders
  2 red devils
  2 wind drakes
  A hellwing (Depths:3)
  10 merfolk
  11 trolls
  A jumping spider (shapeshifter) (Vaults:3)
  A polar bear (Lair:6)
  15 hornets
  A polar bear (shapeshifter) (Vaults:3)
  A minotaur skeleton (Lab)
  A spectral tarantella (Spider:4)
  2 tarantella zombies (Spider:4)
  Grinder (D:4)
  A raiju (shapeshifter) (Vaults:4)
  27 slime creatures
  21 blink frogs
  4 dream sheep (Lair:5)
  A jumping spider zombie (Spider:4)
  11 hippogriffs
  9 snapping turtles
  A frost giant simulacrum (Vaults:3)
  An ettin skeleton (Depths:3)
  85 redbacks
  3 flying skulls (Depths:4)
  A meliai zombie (D:14)
  46 tarantellas
  2 air elementals (Elf:1)
  A redback (shapeshifter) (Depths:2)
  3 spriggans
  19 water elementals
  8 wraiths
  23 yaks
  3 shadows
  5 fire elementals
  A vampire (D:11)
  A yak (shapeshifter) (Elf:2)
  2 basilisks
  2 wyverns (D:10)
  4 hungry ghosts
  8 vampire mosquitoes
  A warg (shapeshifter) (Elf:2)
  A yaktaur simulacrum (Vaults:2)
  8 wargs
  4 acid dragons
  A swamp worm (shapeshifter) (D:14)
  6 water moccasins
  A soldier ant (shapeshifter) (Depths:1)
  A floating eye (shapeshifter) (Vaults:5)
  A floating eye (Depths:3)
  44 orc warriors
  5 porcupines
  A spectral hornet (Spider:4)
  A hornet zombie (Spider:4)
  6 hell hounds
  7 ice beasts
  4 black bears
  3 phantoms
  A black bear (shapeshifter) (Vaults:4)
  An eye of draining (D:15)
  2 necrophages
  6 sky beasts
  An alligator simulacrum (IceCv)
  29 ogres
  2 ogres (shapeshifter)
  5 ettin simulacra
  7 boggarts
  17 wolves
  A human skeleton (Vaults:2)
  17 centaurs
  10 crocodiles
  17 bullfrogs
  An earth elemental (Elf:3)
  2 gnoll sergeants
  5 scorpions
  3 water moccasin zombies (Ossuary)
  An orc simulacrum (Vaults:2)
  4 killer bees (D:11)
  A human simulacrum (Vaults:2)
  A killer bee (shapeshifter) (Vaults:1)
  12 wights
  11 howler monkeys
  4 electric eels
  4 lava snakes (Lab)
  7 crimson imps
  3 quasits
  2 bullfrog zombies
  A draconian simulacrum (IceCv)
  8 hounds
  2 jellies
  A wyvern simulacrum (D:14)
  32 orc wizards
  25 orc priests
  4 bullfrog skeletons
  Jessica (D:3)
  2 iguanas
  A spriggan simulacrum (IceCv)
  3 troll simulacra (IceCv)
  9 worker ants
  A centaur simulacrum (IceCv)
  A hound zombie (D:8)
  3 mummies
  7 adders
  14 gnolls
  A howler monkey skeleton (D:8)
  3 naga simulacra (IceCv)
  2 ogre simulacra (IceCv)
  6 shadow imps
  10 white imps (IceCv)
  2 oozes
  3 adder skeletons
  10 adder zombies
  A worm (D:2)
  A dart slug (D:1)
  3 leopard geckos
  105 orcs
  A bat (D:3)
  7 giant cockroaches
  11 goblins
  15 hobgoblins
  9 jackals
  12 kobolds
  4 quokkas
  A ball python (D:4)
  A ball python skeleton (D:4)
  6 frilled lizards
  2 gnoll zombies (Ossuary)
  A goblin zombie (D:6)
  6 hobgoblin zombies (Ossuary)
  8 kobold zombies (Ossuary)
  A leopard gecko skeleton (D:4)
  4 orc zombies (Ossuary)
  8 rats
  4 fungi
  4 plants
2125 creatures vanquished.

Vanquished Creatures (collateral kills)
  Saint Roka (Orc:2)
  Arachne (Spider:2)
  Donald (Spider:1)
  A deep elf demonologist (Elf:3)
  A merfolk javelineer (Shoals:3)
  A deep elf annihilator (Elf:3)
  A deep elf death mage (Elf:3)
  A minotaur (Lab)
  2 merfolk impalers
  An ettin (D:13)
  Harold (D:12)
  The ghost of Rwicked the Arsonist, a journeyman DrFE of Vehumet (Lair:1)
  5 hydras
  A death knight (D:12)
  2 satyrs
  A merfolk avatar (Shoals:4)
  A merfolk aquamancer (Shoals:4)
  5 death yaks (Lair:6)
  A deep troll shaman (Lair:6)
  The ghost of dscm the Unseen, a journeyman FeFi of Uskayaw (Lair:6)
  Nergalle (Orc:2)
  A skeletal warrior (D:12)
  2 hell knights (Depths:3)
  A deep troll (Vaults:2)
  A sea snake (Shoals:4)
  An orc knight (D:12)
  A necromancer (IceCv)
  3 harpies (Shoals:4)
  A phantasmal warrior (D:12)
  A wolf spider (Spider:2)
  A lindwurm (Lair:6)
  3 oklob plants (Lair:6)
  A manticore (Shoals:4)
  A cyclops (Shoals:4)
  A merfolk siren (Shoals:3)
  4 fauns
  10 elephants
  A black mamba (Lair:3)
  2 water nymphs (Shoals:4)
  3 spiny frogs (Lair:3)
  A yaktaur (Vaults:2)
  3 freezing wraiths
  2 komodo dragons (Lair:6)
  A rime drake (Lair:6)
  A troll (Orc:1)
  A wind drake (Shoals:1)
  5 jumping spiders
  3 merfolk
  A hornet (D:13)
  6 blink frogs
  A dream sheep (Lair:5)
  A hippogriff (Lair:5)
  3 redbacks
  A spriggan (Depths:4)
  4 yaks
  3 water moccasins
  An orc warrior (Orc:2)
  3 ice beasts (IceCv)
  4 wolves
  2 crocodiles
  2 bullfrogs
  An electric eel (Spider:2)
  2 draconian simulacra (IceCv)
  3 orc priests
  3 orc wizards
  2 troll simulacra (IceCv)
  A statue (D:9)
  A polar bear simulacrum (IceCv)
  A spriggan simulacrum (IceCv)
  2 wolf simulacra (IceCv)
  A centaur simulacrum (IceCv)
  A naga simulacrum (IceCv)
  2 ogre simulacra (IceCv)
  2 white imps (IceCv)
  5 orcs
146 creatures vanquished.

Vanquished Creatures (others)
  A vampire knight (Depths:2)
  A deep elf demonologist (Elf:3)
  A merfolk javelineer (Shoals:4)
  A shadow wraith (Vaults:4)
  A sea snake (Shoals:1)
  A deep elf mage (Elf:1)
  A jumping spider (Spider:3)
  A tarantella (Spider:3)
  A soldier ant (D:11)
  An orc warrior (Vaults:3)
  A black bear (D:6)
  A slave (D:9)
  An eye of draining (D:11)
  A sky beast (D:10)
  2 ogres
  An orc wizard (D:11)
  An adder (D:6)
  A shadow imp (D:9)
  An adder skeleton (D:6)
  2 orcs
  A hobgoblin (D:6)
  A goblin zombie (D:6)
  A bush (Lair:6)
  3 fungi
  9 plants
37 creatures vanquished.

Grand Total: 2308 creatures vanquished

Notes
Turn   | Place    | Note
-------+----------+-------------------------------------------
     0 | D:1      | wojtek the Minotaur Fighter began the quest for the Orb.
     0 | D:1      | Reached XP level 1. HP: 19/19 MP: 0/0
   187 | D:1      | Reached skill level 3 in Axes
   191 | D:1      | Reached XP level 2. HP: 26/26 MP: 1/1
   434 | D:1      | Reached skill level 4 in Axes
   509 | D:1      | Reached XP level 3. HP: 31/31 MP: 2/2
   782 | D:2      | Noticed a dagger
   784 | D:2      | Noticed a dagger
   786 | D:2      | Found a hide-covered altar of Uskayaw.
   856 | D:2      | Found a white marble altar of Elyvilon.
  1345 | D:3      | Found a blossoming altar of Fedhas.
  1349 | D:3      | Noticed Jessica
  1378 | D:3      | Killed Jessica
  1378 | D:3      | Reached skill level 5 in Axes
  1378 | D:3      | Reached XP level 4. HP: 34/39 MP: 3/3
  1612 | D:3      | Reached skill level 6 in Axes
  2099 | D:4      | Reached XP level 5. HP: 45/45 MP: 4/4
  2164 | D:4      | Reached skill level 1 in Dodging
  2172 | D:4      | Reached XP level 6. HP: 30/52 MP: 5/5
  2473 | D:4      | Reached skill level 7 in Axes
  2634 | D:4      | Found Zin's Purification Station.
  2634 | D:4      | Noticed Grinder
  2636 | D:4      | Found a glowing silver altar of Zin.
  2651 | D:4      | Killed Grinder
  2651 | D:4      | Reached XP level 7. HP: 20/60 MP: 6/6
  2876 | D:4      | Found a glowing golden altar of the Shining One.
  2876 | D:4      | Found an opulent altar of Gozag.
  2881 | D:4      | Found a shattered altar of Ashenzari.
  2883 | D:4      | Found a blossoming altar of Fedhas.
  2884 | D:4      | Found a faded altar of an unknown god.
  3108 | D:4      | Reached skill level 1 in Evocations
  3117 | D:5      | Entered Level 5 of the Dungeon
  3139 | D:5      | Reached skill level 5 in Armour
  3361 | D:5      | Reached skill level 5 in Fighting
  3361 | D:5      | Reached skill level 5 in Shields
  3431 | D:5      | Reached XP level 8. HP: 51/69 MP: 8/8
  3579 | D:5      | Found a staircase to the Ecumenical Temple.
  3597 | Temple   | Entered the Ecumenical Temple
  3694 | Temple   | Became a worshipper of Makhleb the Destroyer
  4357 | D:6      | Found a sand-covered staircase.
  4364 | Ossuary  | Entered an ossuary
  4385 | Ossuary  | Reached skill level 1 in Invocations
  4483 | Ossuary  | Reached * piety under Makhleb
  4777 | D:6      | Noticed Pikel
  4797 | D:6      | Killed Pikel
  4797 | D:6      | Reached skill level 8 in Axes
  4844 | D:6      | Reached XP level 9. HP: 60/75 MP: 10/10
  5200 | D:6      | Reached ** piety under Makhleb
  5468 | D:6      | Found Fagreiq's Distillery.
  5477 | D:6      | Bought 2 potions of curing for 60 gold pieces
  5477 | D:6      | Bought a potion of heal wounds for 50 gold pieces
  5477 | D:6      | Bought a potion of lignification for 30 gold pieces
  5732 | D:6      | Found a shimmering altar of Xom.
  5732 | D:6      | Found a shadowy altar of Dithmenos.
  6124 | D:7      | Noticed lysyklops's ghost (novice DrFE)
  6966 | D:8      | Reached *** piety under Makhleb
  7173 | D:8      | Found a shimmering altar of Xom.
  7282 | D:8      | Reached skill level 5 in Invocations
  7422 | D:8      | Reached skill level 5 in Dodging
  7580 | D:7      | Killed lysyklops's ghost
  7597 | D:7      | Found a sacrificial altar of Ru.
  7688 | D:7      | Reached XP level 10. HP: 86/86 MP: 13/13
  8328 | D:9      | Reached skill level 9 in Axes
  8414 | D:9      | Found Ifias's General Store.
  8674 | D:9      | Found a radiant altar of Vehumet.
  8871 | D:9      | Found a staircase to the Lair.
  8926 | D:8      | Noticed a two-headed ogre
  9213 | D:8      | Noticed a two-headed ogre
  9220 | D:8      | Killed a two-headed ogre
  9622 | D:10     | Entered Level 10 of the Dungeon
  9789 | D:10     | Reached **** piety under Makhleb
  9952 | D:10     | Reached XP level 11. HP: 85/94 MP: 15/15
 10052 | D:10     | Reached skill level 5 in Evocations
 10114 | D:10     | Found Lebatovo's Food Shop.
 10432 | D:8      | Killed a two-headed ogre
 10518 | D:8      | Noticed Joseph
 10558 | D:8      | Killed Joseph
 10947 | Lair:1   | Entered Level 1 of the Lair of Beasts
 11012 | Lair:1   | Reached skill level 10 in Axes
 11084 | Lair:1   | Found a labyrinth entrance.
 11113 | Lab      | Entered a labyrinth
 12225 | Lab      | Noticed a minotaur
 12247 | Lab      | Killed a minotaur
 12253 | Lab      | Got a smoking flail {flame}
 12624 | Lair:1   | Noticed Rwicked's ghost (journeyman DrFE)
 12640 | Lair:1   | Killed Rwicked's ghost
 13733 | Lair:2   | Noticed a four-headed hydra
 13738 | Lair:2   | Killed a four-headed hydra
 13772 | Lair:2   | Reached XP level 12. HP: 104/104 MP: 17/17
 13846 | Lair:2   | Found a hole to the Spider Nest.
 14445 | Lair:2   | Found a staircase to the Shoals.
 15221 | Lair:3   | Reached skill level 11 in Axes
 15245 | Lair:3   | Identified Sif Muna's Handbook of Attacks
 15300 | Lair:3   | Reached skill level 10 in Fighting
 15405 | Lair:3   | Reached skill level 10 in Armour
 15405 | Lair:3   | Reached skill level 10 in Shields
 15599 | Lair:3   | Noticed an eight-headed hydra
 15617 | Lair:3   | Killed an eight-headed hydra
 15963 | Lair:4   | Noticed a four-headed hydra
 15971 | Lair:4   | Killed a four-headed hydra
 15988 | Lair:4   | Reached XP level 13. HP: 86/114 MP: 18/18
 16204 | Lair:4   | Got a smoking ring mail
 16709 | Lair:5   | Found a frozen archway.
 16727 | IceCv    | Entered an ice cave
 17153 | IceCv    | Found an ancient bone altar of Kikubaaqudgha.
 18301 | Lair:5   | Reached skill level 12 in Axes
 19008 | Lair:6   | Entered Level 6 of the Lair of Beasts
 19220 | Lair:6   | Noticed dscm's ghost (journeyman FeFi)
 19543 | Lair:6   | Killed dscm's ghost
 19586 | Lair:6   | Reached skill level 10 in Dodging
 19792 | Lair:6   | Found a staircase to the Slime Pits.
 20277 | Lair:6   | Reached XP level 14. HP: 125/125 MP: 19/19
 22831 | D:12     | Found a staircase to the Orcish Mines.
 22911 | D:12     | Reached skill level 13 in Axes
 23104 | D:12     | Noticed Harold
 23452 | D:12     | Killed Harold
 24602 | D:13     | Noticed Urug
 24625 | D:13     | Killed Urug
 24751 | D:13     | Found Wioc Byl's Distillery.
 24759 | D:13     | Bought a potion of flight for 51 gold pieces
 25052 | D:13     | Noticed Maurice
 25063 | D:13     | Killed Maurice
 25421 | D:13     | HP: 6/127 [ettin/dire flail (15)]
 25833 | D:13     | Found a gate to the Vaults.
 25988 | D:14     | Found a flickering gateway to a bazaar.
 26003 | Bazaar   | Entered a bazaar
 26015 | Bazaar   | Found Puiraz's Antique Armour Shop.
 26015 | Bazaar   | Found Xax Atif's Weapon Boutique.
 26074 | Bazaar   | Found Eminies's Weapon Shop.
 26074 | Bazaar   | Found Yrurat's Gadget Boutique.
 26123 | Bazaar   | Bought a lamp of fire for 360 gold pieces
 26813 | D:15     | Entered Level 15 of the Dungeon
 26945 | D:15     | Found a gateway to a bazaar.
 26981 | Bazaar   | Entered a bazaar
 26983 | Bazaar   | Found Xamen's Book Boutique.
 26987 | Bazaar   | Found Bythraqoum's Gadget Boutique.
 26987 | Bazaar   | Found Miheas's Food Boutique.
 26988 | Bazaar   | Found Faixken's General Store.
 27018 | Bazaar   | Bought a potion of lignification for 42 gold pieces
 27018 | Bazaar   | Bought a phial of floods for 560 gold pieces
 27018 | Bazaar   | Bought a potion of agility for 56 gold pieces
 27131 | D:15     | Reached XP level 15. HP: 132/134 MP: 18/21
 28096 | D:15     | Found a staircase to the Depths.
 28805 | Orc:1    | Entered Level 1 of the Orcish Mines
 28905 | Orc:1    | Noticed an orc warlord
 28922 | Orc:1    | Killed an orc warlord
 29122 | Orc:2    | Entered Level 2 of the Orcish Mines
 29274 | Orc:2    | Found a staircase to the Elven Halls.
 29879 | Orc:2    | Reached ***** piety under Makhleb
 29948 | Orc:2    | Reached skill level 14 in Axes
 29953 | Orc:2    | Noticed Saint Roka
 30000 | Orc:2    | Killed Saint Roka
 30429 | Orc:2    | Found a roughly hewn altar of Beogh.
 30493 | Orc:2    | Noticed Nergalle
 30505 | Orc:2    | Killed Nergalle
 30514 | Orc:2    | Found Deelatuxt's Book Shop.
 30524 | Orc:2    | Found Guywis's Antique Weapon Shop.
 30587 | Orc:2    | Found Ranguskahac's General Store.
 30593 | Orc:2    | Bought a scroll of identify for 32 gold pieces
 30615 | Orc:2    | Found Zoagahak's Antique Armour Shop.
 30853 | Orc:1    | Found a roughly hewn altar of Beogh.
 31133 | Spider:1 | Entered Level 1 of the Spider Nest
 31678 | Spider:1 | Reached skill level 10 in Evocations
 32867 | Spider:2 | Noticed Arachne
 33097 | Spider:2 | Killed Arachne
 33097 | Spider:2 | Reached XP level 16. HP: 75/144 MP: 14/22
 33342 | Spider:2 | Reached skill level 15 in Axes
 35026 | Spider:3 | Noticed Donald
 35509 | Spider:1 | Killed Donald
 35692 | Spider:3 | Noticed Aizul
 35763 | Spider:2 | Killed Aizul
 36095 | Spider:3 | Noticed Azrael
 36320 | Spider:2 | Killed Azrael
 37073 | Shoals:1 | Entered Level 1 of the Shoals
 37178 | Shoals:1 | Noticed smcx's ghost (journeyman MiBe)
 37193 | Shoals:1 | Killed smcx's ghost
 37193 | Shoals:1 | Reached skill level 16 in Axes
 37418 | Shoals:1 | Got a heavily runed leather armour
 38304 | Shoals:2 | Reached XP level 17. HP: 154/154 MP: 22/24
 38429 | Shoals:2 | Found Casy's Weapon Boutique.
 38452 | Shoals:2 | Bought the +7 war axe of Opioqapn {elec, rF++} for 1091 gold pieces
 40008 | Shoals:4 | Entered Level 4 of the Shoals
 40090 | Shoals:4 | Identified the Catalogue of Curses
 40677 | Shoals:4 | Reached skill level 17 in Axes
 40827 | Shoals:4 | Reached skill level 15 in Armour
 40863 | Shoals:4 | Reached skill level 15 in Fighting
 40879 | Shoals:4 | Got a barnacled rune of Zot
 40885 | Shoals:4 | Noticed Ilsuiw
 40951 | Shoals:4 | Killed Ilsuiw
 40951 | Shoals:4 | Reached skill level 15 in Shields
 40959 | Shoals:4 | Identified a scroll of acquirement
 41415 | Lair:1   | Found the +8 frozen axe "Frostbite" {freezing cloud, *Noise +Fly rC+}
 41542 | Spider:4 | Entered Level 4 of the Spider Nest
 42078 | Spider:4 | Reached XP level 18. HP: 149/163 MP: 22/25
 42218 | Spider:4 | Reached skill level 18 in Axes
 42523 | Spider:4 | Got a gossamer rune of Zot
 43107 | Vaults:1 | Entered Level 1 of the Vaults
 43732 | Vaults:1 | Reached skill level 19 in Axes
 43878 | Vaults:1 | Reached ****** piety under Makhleb
 44304 | Vaults:1 | Reached XP level 19. HP: 174/174 MP: 22/26
 44550 | Vaults:2 | Reached skill level 15 in Dodging
 45291 | Vaults:2 | Reached skill level 20 in Axes
 45630 | Vaults:2 | Noticed Mennas
 45755 | Vaults:3 | Paralysed by a wizard for 6 turns
 46240 | Vaults:3 | Found a staircase to the Crypt.
 46856 | Vaults:4 | Reached XP level 20. HP: 171/184 MP: 8/27
 46876 | Vaults:4 | Reached skill level 21 in Axes
 47916 | Vaults:5 | Entered Level 5 of the Vaults
 48369 | Vaults:5 | Found the +8 orange crystal plate armour {Archmagi, Int+3 Clar}
 48446 | Vaults:5 | Identified the ring "Evuonosu" {rF+++ Stlth-} (You found it on level 5 of the Vaults)
 48633 | Vaults:5 | Reached skill level 22 in Axes
 48666 | Vaults:5 | Reached XP level 21. HP: 194/194 MP: 24/28
 48704 | Vaults:5 | Noticed Jory
 48705 | Vaults:5 | Noticed a golden dragon
 48719 | Vaults:5 | Killed a golden dragon
 48729 | Vaults:5 | Killed Jory
 49007 | Vaults:5 | Got a silver rune of Zot
 49414 | Vaults:5 | Identified the +2 cloak "Letsin" {Int+5} (You found it on level 5 of the Vaults)
 49555 | Vaults:5 | Found Qalustrawk's Armour Boutique.
 49569 | Vaults:5 | Bought the +0 mask of the Dragon {MR+ Slay+3 SInv} for 634 gold pieces
 49569 | Vaults:5 | Found the +0 mask of the Dragon {MR+ Slay+3 SInv}
 49714 | Vaults:5 | Found the +8 demon blade "Leech" {vamp, rN+ AC-3 EV-3}
 49734 | Vaults:5 | Identified the amulet of Sotz {Faith *Contam +Blink Int+4 Slay+2} (You found it on level 5 of the Vaults)
 50546 | Elf:1    | Entered Level 1 of the Elven Halls
 50576 | Elf:1    | Found the +18 shield of the Gong {rElec rN+ MR+ EV-5}
 50666 | Elf:1    | Noticed Asterion
 50673 | Elf:1    | Killed Asterion
 51349 | Elf:2    | Found Ybuifaunne's Antique Armour Emporium.
 51394 | Elf:2    | Found a magical portal.
 51412 | WizLab   | Entered Wucad Mu's Monastery
 51697 | WizLab   | Found the +9 staff of Wucad Mu {channel}
 51914 | Elf:2    | Reached skill level 23 in Axes
 52131 | Elf:2    | Found a runed gate.
 52131 | Elf:2    | Found a runed gate.
 52131 | Elf:2    | Found a runed gate.
 52373 | Elf:2    | Reached XP level 22. HP: 184/206 MP: 29/29
 52665 | Elf:3    | Entered Level 3 of the Elven Halls
 52737 | Elf:3    | Found a flickering gateway to a bazaar.
 52755 | Bazaar   | Entered a bazaar
 52755 | Bazaar   | Found Laam Qof's General Store.
 52755 | Bazaar   | Found Bivarroere's Antique Weapon Emporium.
 52781 | Bazaar   | Found Mihixt's Assorted Antiques.
 52792 | Bazaar   | Found Zonlucko's Antique Weapon Emporium.
 52801 | Bazaar   | Found Iketips's Assorted Antiques.
 52838 | Bazaar   | Bought a +2 cloak of magic resistance for 322 gold pieces
 52838 | Bazaar   | Bought a scroll of acquirement for 780 gold pieces
 52838 | Bazaar   | Bought a scroll of fog for 30 gold pieces
 52838 | Bazaar   | Bought a scroll of identify for 30 gold pieces
 52838 | Bazaar   | Bought 2 scrolls of fear for 105 gold pieces
 52838 | Bazaar   | Bought a scroll of magic mapping for 52 gold pieces
 52838 | Bazaar   | Bought a wand of digging (10) for 420 gold pieces
 52857 | Bazaar   | Bought a potion of heal wounds for 90 gold pieces
 52857 | Bazaar   | Bought a potion of invisibility for 144 gold pieces
 52857 | Bazaar   | Bought a scratched tourmaline ring for 90 gold pieces
 52857 | Bazaar   | Bought a wand of digging (12) for 144 gold pieces
 52857 | Bazaar   | Bought a potion of lignification for 54 gold pieces
 52857 | Bazaar   | Bought 2 potions of berserk rage for 180 gold pieces
 52875 | Bazaar   | Bought a potion of berserk rage for 125 gold pieces
 52875 | Bazaar   | Bought a scroll of identify for 50 gold pieces
 52875 | Bazaar   | Bought a potion of heal wounds for 125 gold pieces
 52875 | Bazaar   | Bought a potion of heal wounds for 125 gold pieces
 52914 | Elf:3    | Reached XP level 23. HP: 213/213 MP: 30/30
 52974 | Elf:3    | Noticed Bai Suzhen
 52996 | Elf:3    | Killed Bai Suzhen
 53355 | Elf:3    | Identified the Almanac of Confrontation
 53780 | Elf:3    | Identified the ring of the Monkey's Uncle {Wiz +Fly Str+2 Dex+2} (You took it off a deep elf death mage on level 3 of the Elven Halls)
 54202 | Elf:3    | Identified the ring of Asunya {rN+ Dex+2} (You took it off a deep elf high priest on level 3 of the Elven Halls)
 54706 | Elf:3    | Found the +9 heavy crossbow "Sniper" {velocity, Acc+∞ SInv}
 54731 | Elf:3    | Identified the Almanac of Poison and Attacks
 55212 | Depths:1 | Entered Level 1 of the Depths
 55223 | Depths:1 | Noticed Jorgrun
 55233 | Depths:1 | Killed Jorgrun
 55393 | Depths:1 | Found a gateway to Hell.
 55419 | Depths:1 | Found a runed door.
 56162 | Depths:1 | Reached skill level 24 in Axes
 56232 | Depths:2 | Found a hide-covered altar of Uskayaw.
 56232 | Depths:2 | Noticed a caustic shrike
 56232 | Depths:2 | Noticed a caustic shrike
 56243 | Depths:1 | Killed a caustic shrike
 56246 | Depths:1 | Killed a caustic shrike
 56812 | Depths:2 | Noticed a caustic shrike
 56828 | Depths:2 | Killed a caustic shrike
 57247 | Depths:2 | Reached XP level 24. HP: 226/226 MP: 30/30
 57420 | Depths:2 | Got a sparkling bone ring
 57440 | Depths:2 | Identified the cursed +2 battleaxe "Tidwa" {venom, rC- Int+7 Stlth-} (You found it on level 2 of the Depths)
 58027 | Depths:3 | Found a glowing golden altar of the Shining One.
 58100 | Depths:3 | Found a one-way gate leading to the halls of Pandemonium.
 58250 | Depths:3 | Identified the ring "Anukicw" {Str+5 Stlth+} (You took it off an ogre mage on level 2 of the Depths)
 58330 | Depths:3 | Reached skill level 25 in Axes
 58922 | Depths:3 | Noticed a juggernaut
 58934 | Depths:3 | Killed a juggernaut
 59158 | Depths:4 | Found an iron altar of Okawaru.
 59300 | Depths:4 | Found a deep blue altar of Sif Muna.
 59371 | Depths:4 | Got a pitted crystal plate armour
 59372 | Depths:4 | Identified the +4 crystal plate armour of Hotru {-Cast rF+++ rC+++ Stlth-} (You acquired it on level 4 of the Depths)
 59419 | Depths:4 | Reached XP level 25. HP: 213/239 MP: 30/30
 59460 | Depths:4 | Found an opulent altar of Gozag.
 59460 | Depths:4 | Found a one-way gate to the infinite horrors of the Abyss.
 59462 | Depths:4 | Cast into level 3 of the Abyss (war gargoyle)
 59551 | Depths:4 | Escaped the Abyss
 59701 | Depths:4 | Noticed Margery
 60150 | Depths:4 | Killed Margery
 60205 | Depths:4 | Reached skill level 26 in Axes
 60223 | Depths:4 | Got a faintly glowing bronze amulet
 60227 | Depths:4 | Identified the amulet "Xueneb" {+Rage Str-2 Int+5} (You took it off a tengu warrior on level 4 of the Depths)
 60435 | Depths:4 | Identified the amulet of Sif Muna's Envy {-Tele +Rage +Fly Dex+9} (You took it off a tengu warrior on level 4 of the Depths)
 60580 | Depths:4 | Found a shadowy altar of Dithmenos.
 60637 | Depths:4 | Identified the +2 cloak "Fafeoff" {Str+3 Dex+4} (You found it on level 4 of the Depths)
 60853 | Depths:5 | Entered Level 5 of the Depths
 60858 | Depths:5 | Noticed a juggernaut
 60869 | Depths:5 | Killed a juggernaut
 60985 | Depths:5 | Noticed Boris
 60997 | Depths:5 | Killed Boris
 61454 | Depths:5 | Found a gateway to a ziggurat.
 61586 | Depths:5 | Noticed the Enchantress
 61622 | Depths:5 | Killed the Enchantress
 61622 | Depths:5 | Reached XP level 26. HP: 251/251 MP: 30/31
 61624 | Depths:5 | Identified the +4 faerie dragon scales {rN+ rCorr Int+5} (You took it off the Enchantress on level 5 of the Depths)
 61815 | Depths:5 | Found a gate to the Realm of Zot.
 61906 | Depths:5 | Found a hazy altar of Hepliaklqana.
 63487 | Zot:1    | Entered Level 1 of the Realm of Zot
 63684 | Depths:5 | HP: 5/251 [poison (poison gas)]
 63686 | Depths:5 | Killed from afar by a purple draconian

Skill      XL: |  1  2  3  4  5  6  7  8  9 10 11 12 13 14 15 16 17 18 19 20 21 22 23 24 25 |
---------------+----------------------------------------------------------------------------+-----
Axes           | 3 4 5 6 7 8 9 10 11 12 13 14 16 17 19 20 22 23 24 25 26 | 26.7
Fighting       | 4 5 6 7 8 9 10 11 12 13 14 15 16 17 18 19 20 22 23 | 23.3
Dodging        | 1 2 3 4 5 6 7 8 10 11 12 13 14 15 16 17 18 19 | 19.7
Armour         | 4 5 6 7 8 9 10 11 12 13 14 15 16 17 19 20 22 23 24 | 24.8
Shields        | 4 5 6 7 8 9 10 11 12 13 14 15 | 15.0
Evocations     | 1 2 3 4 5 7 8 9 10 11 12 | 12.2
Invocations    | 3 5 7 8 |  8.6

Action                   |  1- 3 |  4- 6 |  7- 9 | 10-12 | 13-15 | 16-18 | 19-21 | 22-24 | 25-27 || total
-------------------------+-------+-------+-------+-------+-------+-------+-------+-------+-------++-------
Melee: War axe           |   103 |    25 |       |       |       |       |       |       |       ||   128
       Headbutt          |    19 |    11 |    85 |   151 |   398 |   358 |   242 |   217 |   123 ||  1604
       Broad axe         |       |    48 |   440 |   789 |  1697 |  1266 |       |       |       ||  4240
       Executioner's axe |       |       |       |       |       |   411 |   977 |   751 |   492 ||  2631
Throw: Throwing net      |       |       |       |       |       |       |       |       |     1 ||     1
Invok: Lesser Servant of |       |       |     2 |    18 |    86 |    50 |     6 |    25 |     4 ||   191
       Minor Destruction |       |       |       |    14 |    44 |    12 |       |       |       ||    70
Evoke: Wand              |       |       |       |     7 |     3 |     9 |       |     7 |       ||    26
       Lamp of fire      |       |       |       |       |       |     1 |       |       |       ||     1
       Phial of floods   |       |       |       |       |       |       |       |     1 |       ||     1
  Use: Scroll            |       |       |     4 |     6 |     9 |     6 |    13 |    11 |     5 ||    54
       Potion            |       |       |       |     5 |       |     2 |     1 |     1 |     2 ||    11
 Stab: Distracted        |       |       |     1 |     3 |    10 |    13 |     3 |     1 |       ||    31
       Petrified         |       |       |       |       |     2 |       |       |       |       ||     2
       Held in net/web   |       |       |       |       |       |       |       |       |     1 ||     1
  Eat: Chunk             |     1 |     5 |    17 |    15 |    38 |    25 |    20 |    17 |     4 ||   142
       Ration            |       |       |       |     9 |     6 |     4 |     2 |     2 |     3 ||    26
Armor: Scale mail        |    29 |    27 |    60 |       |       |       |       |       |       ||   116
       Plate armour      |       |       |   102 |   504 |   937 |  1192 |   415 |       |       ||  3150
       Chain mail        |       |       |     5 |       |       |       |       |       |       ||     5
       Crystal plate arm |       |       |       |       |       |       |   467 |   547 |   386 ||  1400
Dodge: Dodged            |    24 |    22 |   116 |   256 |   745 |  1245 |   800 |   479 |   344 ||  4031
Block: Shield            |    29 |    31 |   206 |   537 |   630 |   779 |       |       |       ||  2212
       Large shield      |       |       |       |       |   838 |   401 |       |       |       ||  1239
       Other             |       |       |       |       |       |       |       |    33 |       ||    33
       Reflection        |       |       |       |       |       |       |       |     2 |       ||     2
